 Dungeon Crawl Stone Soup version 0.25.1-9-gc5326a611f (webtiles) character file.

Game seed: 4283779724510758445

163 Destapler the Magician (level 5, -4/29 HPs)
             Began as a Deep Elf Air Elementalist on Dec 31, 2020.
             Was a Follower of Vehumet.
             Slain by Menkaure (9 damage)
             ... on level 4 of the Dungeon on Jan 1, 2021.
             The game lasted 00:21:44 (4037 turns).

Destapler the Magician (Deep Elf Air Elementalist)  Turns: 4037, Time: 00:21:44

Health: -4/29      AC:  3    Str:  5    XL:     5   Next: 20%
Magic:  6/12       EV: 13    Int: 21    God:    Vehumet [*.....]
Gold:   167        SH:  0    Dex: 15    Spells: 8/11 levels left

rFire    . . .     SeeInvis .   a - +2 dagger (speed)
rCold    . . .     Gourm    .   (no shield)
rNeg     . . .     Faith    .   h - +0 robe
rPois    +         Spirit   .   (no helmet)
rElec    .         Reflect  .   (no cloak)
rCorr    .         Harm     .   (no gloves)
MR       .....                  b - +0 pair of boots
Stlth    +++.......             (no amulet)
HPRegen  0.09/turn              l - ring of stealth
MPRegen  0.13/turn              m - ring of poison resistance

@: swift, very slightly contaminated, very quick
A: no striking features
a: Renounce Religion


You were on level 4 of the Dungeon.
You worshipped Vehumet.
Vehumet was aware of your devotion.
You were not hungry.

You visited 1 branch of the dungeon, and saw 4 of its levels.

You collected 167 gold pieces.

Inventory:

Hand Weapons
 a - a +2 dagger of speed (weapon)
Missiles
 f - 4 boomerangs (quivered)
Armour
 b - a +0 pair of boots (worn)
 h - a +0 robe (worn)
Jewellery
 l - a ring of stealth (left hand)
 m - a ring of poison resistance (right hand)
Scrolls
 d - 2 scrolls of fog
 g - a scroll of amnesia
 i - 2 scrolls of identify
 k - a scroll of magic mapping {unknown}
 n - 2 scrolls of teleportation
 q - a scroll of noise {unknown}
Potions
 e - 2 potions of stabbing {unknown}
 j - 4 potions of curing
 o - 2 potions of lignification {unknown}
 p - 3 potions of magic {unknown}
Comestibles
 c - 4 rations


   Skills:
 + Level 1.0 Fighting
 + Level 1.1 Short Blades
 + Level 1.3 Throwing
 + Level 1.0 Armour
 + Level 3.0 Dodging
 + Level 3.2 Stealth
 + Level 3.5 Spellcasting
 + Level 2.1 Conjurations
 + Level 1.4 Charms
 + Level 3.5 Air Magic


You had 8 spell levels left.
You knew the following spells:

 Your Spells              Type           Power        Failure   Level  Hunger
a - Shock                 Conj/Air       ###.         4%          1    None
b - Swiftness             Chrm/Air       ##......     7%          2    ##.....

Your spell library contained the following spells:

 Spells                   Type           Power        Failure   Level  Hunger
 Magic Dart               Conj           ##..         5%          1    None
 Static Discharge         Conj/Air       ###.....     12%         3    ###....
 Airstrike                Air            ###.......   30%         4    ####...
 Lightning Bolt           Conj/Air       ###.......   73%         5    ######.


Dungeon Overview and Level Annotations

Branches:
Dungeon (4/15)
 Temple: D:4-7

Altars:
Dithmenos
Sif Muna
Trog
Vehumet
Wu Jian
The Shining One

Annotations:
D:4 Ijyb, Menkaure


Message History

Menkaure barely misses you.
Casting: Shock (safe; 4% risk of failure)
Confirm with . or Enter, or press ? or * to list all spells.
Aiming: Shock (safe; 4% risk of failure)
Press: ? - help, Shift-Dir - straight line The zap hits Menkaure.
Menkaure is severely damaged.
The zap hits Menkaure.
Menkaure is almost destroyed.
Menkaure hits you!!
Ouch! That really hurt!
* * * LOW HITPOINT WARNING * * *
Casting: Shock (safe; 4% risk of failure)
Confirm with . or Enter, or press ? or * to list all spells.
Aiming: Shock (safe; 4% risk of failure)
Press: ? - help, Shift-Dir - straight line You miscast Shock.
You are very lightly contaminated with residual magic.
Nothing appears to happen.
Menkaure hits you!
You die...

######...##...P.P.♣♣.##
#...###+#..P.♣♣...
.......#.......#..P..P♣..
.......#.......#.......P#
.......#.......#......#..
.......#.......+.....## #
.......#...##..#.....####
....M..#...##..##....#...
.......#@.......#....#...
.......M........#....#...
.......######...#....#...
....... +###....###'
....... #####.... .....>.
#.... ....... #....
#+##### #.... ......


You could see Menkaure (fast).

Vanquished Creatures
  An orc priest (D:4)
  3 adders
  A gnoll (D:1)
  2 oozes (D:1)
  4 worms
  5 leopard geckos
  5 orcs
  5 bats
  4 giant cockroaches
  6 goblins
  8 hobgoblins
  2 jackals (D:1)
  2 ball pythons
  4 frilled lizards
  4 kobolds
  16 rats
72 creatures vanquished.

Notes
Turn   | Place    | Note
-------+----------+-------------------------------------------
     0 | D:1      | Destapler the Deep Elf Air Elementalist began the quest for
                  | the Orb.
     0 | D:1      | Reached XP level 1. HP: 10/10 MP: 6/6
   297 | D:1      | Reached XP level 2. HP: 13/15 MP: 0/8
   905 | D:1      | Reached XP level 3. HP: 20/20 MP: 3/9
   910 | D:1      | Learned a level 2 spell: Swiftness
  1432 | D:1      | Reached skill level 1 in Throwing
  1609 | D:2      | Found a radiant altar of Vehumet.
  1625 | D:2      | Became a worshipper of Vehumet
  1703 | D:2      | Reached XP level 4. HP: 24/24 MP: 9/11
  1831 | D:2      | Found an ornate altar of the Wu Jian Council.
  2042 | D:2      | Found a bloodstained altar of Trog.
  2635 | D:3      | Reached skill level 1 in Charms
  2956 | D:3      | Noticed a moth of wrath
  2959 | D:3      | Found a bloodstained altar of Trog.
  3074 | D:3      | Reached * piety under Vehumet
  3074 | D:3      | Offered knowledge of Magic Dart by Vehumet.
  3159 | D:3      | Found a shadowy altar of Dithmenos.
  3401 | D:3      | Found a glowing golden altar of the Shining One.
  3586 | D:3      | Found a shimmering blue altar of Sif Muna.
  3674 | D:4      | Reached skill level 1 in Short Blades
  3742 | D:4      | Reached skill level 1 in Fighting
  3742 | D:4      | Reached skill level 1 in Armour
  3742 | D:4      | Reached XP level 5. HP: 25/29 MP: 2/12
  3956 | D:4      | Noticed Ijyb
  4026 | D:4      | Noticed Menkaure
  4037 | D:4      | Slain by Menkaure

Illustrated notes

Levels and vault maps discovered:
D:1:      grunt_arrival_crossed_arrows, layout_basic,
          chequers_serial_rivers_large_a
D:2:      layout_loops_cross, nicolae_overflow_crystal_walls, vehumet_crystals,
          trog_three_pillars_becter
D:3:      layout_basic, lemuel_doored_altar, tgw_trog, marbit_many_paths,
          lemuel_statue_altar
D:4:      layout_gridville, lemuel_crystal_altar, serial_forest,
          infiniplex_forest_lined_1, infiniplex_forest_lined_2,
          infiniplex_forest_clump_long, infiniplex_forest_clump_small,
          infiniplex_forest_clump_diagonal, infiniplex_forest_straight_2,
          infiniplex_forest_lined_2, infiniplex_forest_straight_5, first_ration,
          grunt_ministairs_14, minmay_shop_damaged, uniq_menkaure, uniq_ijyb

Skill      XL: |  1  2  3  4 |
---------------+-------------+-----
Throwing       | 1 |  1.3
Stealth        | 3 |  3.2
Charms         | 1 |  1.4
Short Blades   | 1 |  1.1
Dodging        | 3 |  3.0
Conjurations   | 2 |  2.1
Fighting       | 1 |  1.0
Armour         | 1 |  1.0
Spellcasting   | |  3.5
Air Magic      | |  3.5

Action                   |  1- 3 |  4- 6 || total
-------------------------+-------+-------++-------
Melee: Mace              |    15 |       ||    15
       Dagger            |     5 |    34 ||    39
 Cast: Shock             |    64 |    72 ||   136
       Swiftness         |       |     1 ||     1
  Use: Scroll            |       |     9 ||     9
 Stab: Sleeping          |     4 |     1 ||     5
  Eat: Chunk             |     2 |     7 ||     9
Armor: Robe              |     7 |    23 ||    30
Dodge: Dodged            |    29 |    60 ||    89
